 Dungeon Crawl Stone Soup version 0.30-a0-723-gc1506a1cf0 (webtiles) character file.

Game seed: 13767356940331993150

366 browni3141 the Digger (level 7, 0/47 HPs)
             Began as a Human Earth Elementalist on Jan 29, 2023.
             Was an Initiate of Kikubaaqudgha.
             Slain by Pikel
             ... wielding a +0 whip of freezing
              (4 damage)
             ... on level 4 of the Dungeon.
             The game lasted 00:08:48 (4773 turns).

browni3141 the Digger (Human Earth Elementalist)    Turns: 4773, Time: 00:08:49

Health: 0/47       AC:  2    Str: 14    XL:     7   Next: 0%
Magic:  1/11       EV: 12    Int: 18    God:    Kikubaaqudgha [......]
Gold:   276        SH:  0    Dex: 13    Spells: 6/12 levels left

rFire   . . .      SeeInvis .    m - +0 whip
rCold   + . .      Faith    .    (no shield)
rNeg    . . .      Spirit   .    a - +0 robe
rPois   .          Reflect  .    (no helmet)
rElec   .          Harm     .    (no cloak)
rCorr   .          Rampage  .    (no gloves)
Will    .....                    (no boots)
Stlth   ++                       (no amulet)
HPRegen 0.27/turn                f - ring of protection from cold
MPRegen 0.12/turn                t - +6 ring of strength

@: no status effects
A: no striking features
a: Renounce Religion


You were on level 4 of the Dungeon.
You worshipped Kikubaaqudgha.
Kikubaaqudgha was noncommittal.
You visited 2 branches of the dungeon, and saw 6 of its levels.

You collected 276 gold pieces.

Inventory:

Hand Weapons
 m - a +0 whip (weapon)
Missiles
 e - 12 poisoned darts
Armour
 a - a +0 robe (worn)
Jewellery
 f - a ring of protection from cold (left hand)
 t - a +6 ring of strength (right hand)
Wands
 p - a wand of mindburst (14)
Scrolls
 g - 3 scrolls of identify {unknown}
 h - a scroll of immolation {unknown}
 i - 2 scrolls of teleportation {unknown}
 l - a scroll of torment {unknown}
 q - a scroll of fog {unknown}
 r - a scroll of magic mapping {unknown}
 s - a scroll of vulnerability {unknown}
Potions
 c - a potion of mutation {unknown}
 d - 2 potions of brilliance {unknown}
 j - a potion of attraction {unknown}
 k - a potion of curing {unknown}
 n - a potion of might {unknown}
 o - a potion of heal wounds {unknown}


   Skills:
 + Level 0.4 Fighting
 * Level 0.9 Maces & Flails
 - Level 2.0 Dodging
 - Level 2.0 Stealth
 - Level 3.0 Spellcasting
 * Level 2.3 Conjurations
 - Level 1.0 Transmutations
 - Level 6.0 Earth Magic
 * Level 0.9 Evocations


You had 6 spell levels left.
You knew the following spells:

 Your Spells              Type           Power      Damage    Failure   Level
a - Sandblast             Erth           48%        2d12      1%          1
b - Passwall              Tmut/Erth      12%        N/A       6%          2
c - Stone Arrow           Conj/Erth      34%        3d9       9%          3

Your spell library contained the following spells:

 Spells                   Type           Power      Damage    Failure   Level
 Sting                    Tmut/Pois      16%        1d3       13%         1
 Summon Small Mammal      Summ           8%         N/A       16%         1
 Poisonous Vapours        Pois/Air       4%         N/A       24%         2
 Petrify                  Tmut/Erth      15%        N/A       36%         4
 Lee's Rapid Deconstruct  Erth           12%        3d8*      36%         5
 Call Canine Familiar     Summ           2%         N/A       43%         3
 Kindle Blastsparks       Fire/Tloc/Air  4%         2d10      43%         3
 Summon Guardian Golem    Hex/Summ       2%         N/A       43%         3
 Fulminant Prism          Conj/Hex       3%         3d5       71%         4
 Iskenderun's Mystic Bla  Conj/Tloc      6%         2d4       71%         4
 Olgreb's Toxic Radiance  Pois           2%         N/A       85%         4


Dungeon Overview and Level Annotations

Branches:
Dungeon (5/15)             Temple (1/1) D:4

Altars:
Ashenzari
Cheibriados
Dithmenos
Elyvilon
Gozag
Hepliaklqana
Kikubaaqudgha
Nemelex Xobeh
Okawaru
Ru
Sif Muna
Trog
Xom
Yredelemnul

Annotations:
D:4 Pikel
D:5 Prince Ribbit


Message History

Casting: Stone Arrow (dangerous; 9% risk of failure)
Confirm with . or Enter, or press ? or * to list all spells.
Aiming: Stone Arrow (dangerous; 9% risk of failure)
Press: ? - help, Shift-Dir - straight line, f/p - Pikel
Aim: Pikel, wielding a +0 whip of freezing and wearing a +2 robe of willpower (severely wounded, 60% to hit)
The stone arrow misses Pikel.
Pikel hits you with a +0 whip of freezing!
* * * LOW HITPOINT WARNING * * *
Pikel freezes you.
* * * LOW HITPOINT WARNING * * *
Casting: Stone Arrow (dangerous; 9% risk of failure)
Confirm with . or Enter, or press ? or * to list all spells.
Aiming: Stone Arrow (dangerous; 9% risk of failure)
Press: ? - help, Shift-Dir - straight line, f/p - Pikel
Aim: Pikel, wielding a +0 whip of freezing and wearing a +2 robe of willpower (severely wounded, 60% to hit)
The stone arrow hits Pikel.
Pikel is almost dead.
Pikel barely misses you.
Casting: Stone Arrow (dangerous; 9% risk of failure)
Confirm with . or Enter, or press ? or * to list all spells.
Aiming: Stone Arrow (dangerous; 9% risk of failure)
Press: ? - help, Shift-Dir - straight line, f/p - Pikel
Aim: Pikel, wielding a +0 whip of freezing and wearing a +2 robe of willpower (severely wounded, 60% to hit)
The stone arrow hits Pikel!
Pikel is almost dead.
Pikel hits you with a +0 whip of freezing.
* * * LOW HITPOINT WARNING * * *
Pikel freezes you.
* * * LOW HITPOINT WARNING * * *
Casting: Stone Arrow (dangerous; 9% risk of failure)
Confirm with . or Enter, or press ? or * to list all spells.
You don't have enough magic to cast this spell.
Unknown command.
Aiming: Sandblast (safe; 1% risk of failure)
Press: ? - help, Q - select action, (/) - cycle Shift-Dir - straight line, f/p - Pikel
Aim: Pikel, wielding a +0 whip of freezing and wearing a +2 robe of willpower (almost dead, 79% to hit)
The blast of sand misses Pikel.
Pikel hits you with a +0 whip of freezing.
You die...
Kikubaaqudgha rasps: "You have failed me!
Welcome... death!"

.................# #.#.....#...##
#..............#.###.#>.....#.#..
#.###.#...#.#........#...#..#....
..# #.#...#.#.##.##.......##....#
### #.#...#.#.##.##..#.......>...
# #.#...#.#.##..........#....##
#####.......#.#####..#.#.#....#..
#........####.#####[.#..[#..#.#..
#.#####.....#...@K........##...#.
#.#####).......#######.##........
#....##..##.##.#######....†<#####
#.##.##..##.##.##...#######......
#...........##......# #######
#.##...........##...#
#.######.#####.###.##
#.######.......###.#
#......#.########..#


You could see Pikel.

Vanquished Creatures
  An ogre (D:5)
  2 lemures
  A scorpion (D:4)
  A hound (D:3)
  2 iguanas (D:4)
  6 adders
  A white imp (D:5)
  An ufetubus (D:5)
  A worm (D:2)
  2 dart slugs
  9 ball pythons
  6 endoplasms
  2 giant cockroaches
  6 goblins
  5 hobgoblins
  6 jackals
  6 kobolds
  6 quokkas
  3 bats
  3 frilled lizards (D:1)
  4 rats
  A spectral goblin (D:4)
75 creatures vanquished.

Notes
Turn   | Place    | Note
-------+----------+-------------------------------------------
     0 | D:1      | browni3141 the Human Earth Elementalist began the quest for
                  | the Orb.
     0 | D:1      | Reached XP level 1. HP: 13/13 MP: 3/3
   132 | D:1      | Reached XP level 2. HP: 19/19 MP: 0/5
   198 | D:1      | Learned a level 2 spell: Passwall
   611 | D:1      | Found a faded altar of an unknown god.
   659 | D:1      | Reached XP level 3. HP: 24/24 MP: 4/6
   663 | D:1      | Learned a level 3 spell: Stone Arrow
   913 | D:1      | Reached skill level 4 in Earth Magic
  1646 | D:2      | Reached skill level 1 in Conjurations
  1646 | D:2      | Reached XP level 4. HP: 30/30 MP: 5/7
  2266 | D:3      | Reached XP level 5. HP: 25/35 MP: 3/9
  3148 | D:4      | Found a hazy altar of Hepliaklqana.
  3191 | D:4      | Found a shimmering blue altar of Sif Muna.
  3194 | D:4      | Found a shimmering altar of Xom.
  3194 | D:4      | Found a snail-covered altar of Cheibriados.
  3196 | D:4      | Found an ancient bone altar of Kikubaaqudgha.
  3197 | D:4      | Found a broken altar of Ashenzari.
  3286 | D:4      | Found a basalt altar of Yredelemnul.
  3438 | D:4      | Found a staircase to the Ecumenical Temple.
  3462 | D:4      | Reached skill level 5 in Earth Magic
  3462 | D:4      | Reached XP level 6. HP: 41/41 MP: 4/10
  3463 | Temple   | Entered the Ecumenical Temple
  3716 | D:4      | Became a worshipper of Kikubaaqudgha
  3745 | D:5      | Entered Level 5 of the Dungeon
  3791 | D:5      | Noticed an ogre
  3920 | D:4      | Found a white marble altar of Elyvilon.
  4255 | D:5      | Noticed Prince Ribbit
  4687 | D:5      | Noticed Pikel
  4752 | D:5      | Killed an ogre
  4753 | D:5      | Reached skill level 6 in Earth Magic
  4753 | D:5      | Reached XP level 7. HP: 47/47 MP: 9/11
  4773 | D:4      | Slain by Pikel

Illustrated notes

Levels and vault maps discovered:
D:1:      spicycebolla_arrival_clurvy, layout_basic,
          hellmonk_ecumenical_altar_zigzags, minmay_misc_feat_rugged
D:2:      layout_basic
D:3:      layout_basic, corexii_corridor_pit
D:4:      layout_loops_cross, mainiacjoe_overflow_alcove_4,
          nicolae_hepliaklqana_monster_ancestors, elyvilon_altar_3,
          grunt_temple_overflow_open, minmay_temple_entry_mini_moons
D:5:      nicolae_BIG_FREAKIN_CUBE, layout_loops_ring, uniq_pikel,
          uniq_prince_ribbit1
Temple:   hellmonk_temple_flake

Skill      XL: |  1  2  3  4  5  6 |
---------------+-------------------+-----
Earth Magic    | 4 5 6 |  6.0
Conjurations   | 1 2 |  2.3
Spellcasting   | 3 |  3.0
Fighting       | |  0.4
Maces & Flails | |  0.9
Dodging        | |  2.0
Stealth        | |  2.0
Transmutations | |  1.0
Evocations     | |  0.9

Action                     |  1- 3 |  4- 6 |  7- 9 || total
---------------------------+-------+-------+-------++-------
  Melee: Unarmed           |     4 |       |       ||     4
         Punch             |     1 |     1 |       ||     2
         Whip              |       |    21 |       ||    21
   Cast: Sandblast         |    38 |    76 |     3 ||   117
         Stone Arrow       |       |       |     6 ||     6
  Evoke: Wand              |       |     1 |     4 ||     5
    Use: Potion            |       |       |     1 ||     1
 Armour: Robe              |     1 |    12 |       ||    13
  Dodge: Dodged            |    12 |    39 |     4 ||    55

Table legend: (Time is in decaauts)
 A = Elapsed time spent in this place.
 B = Non-inter-level travel time spent in this place.
 C = Inter-level travel time spent in this place.
 D = Time resting spent in this place.
 E = Time spent auto-exploring this place.
 F = Levels seen in this place.
 G = Mean time per level.
                   A        B        C        D        E       F      G
               +--------+--------+--------+--------+--------+-----+--------+
         Total |   4831 |   4500 |    331 |    119 |   3735 |   6 |  805.2 |
       Dungeon |   4637 |   4316 |    321 |    119 |   3558 |   5 |  927.4 |
        Temple |    193 |    183 |     10 |      0 |    177 |   1 |  193.0 |
               +--------+--------+--------+--------+--------+-----+--------+

Top non-repeatable levels by time:
     D:1: 1408 daAuts
     D:4: 1046 daAuts
     D:3: 950 daAuts
     D:2: 689 daAuts
     D:5: 543 daAuts
  Temple: 193 daAuts
